 Dungeon Crawl Stone Soup version 0.28.0-43-g3370ac3207 (webtiles) character file.

Game seed: 9138759189671760494

116600 xzight the Severer (level 16, -2/104 HPs)
             Began as a Gargoyle Fighter on Mar 13, 2022.
             Was the Champion of Okawaru.
             Shot with a bolt by a naga sharpshooter (22 damage)
             ... led by Vashnia
             ... on level 2 of the Snake Pit.
             The game lasted 01:00:16 (30479 turns).

xzight the Severer (Gargoyle Fighter)              Turns: 30479, Time: 01:00:17

Health: -2/104     AC: 39    Str: 29    XL:     16   Next: 71%
Magic:  23/24      EV: 10    Int: 11    God:    Okawaru [******]
Gold:   2547       SH: 14    Dex: 11    Spells: 15/15 levels left

rFire   + . .      SeeInvis .   b - +2 broad axe (flame)
rCold   + . .      Faith    +   I - +0 kite shield {rPois}
rNeg    + + .      Spirit   .   H - +4 chain mail {rF+}
rPois   ∞          Reflect  .   G - +0 helmet
rElec   +          Harm     .   M - +0 cloak {Will+}
rCorr   +          Rampage  .   J - +1 pair of gloves {Str+3}
Will    ++...                   q - +0 pair of boots
Stlth   +.........              V - amulet of faith {!P}
HPRegen 0.27/turn               C - ring of protection from cold
MPRegen 0.19/turn               Q - ring of Rexat {rN+ rCorr Str+2 Stlth+}

@: heroic, finesse-ful, flying
A: sickness immunity, AC +12, big wings, negative energy resistance 1,
electricity resistance, torment resistance 1, petrification resistance
a: Renounce Religion, Heroism, Finesse, Duel


You were on level 2 of the Snake Pit.
You worshipped Okawaru.
Okawaru was exalted by your worship.
You visited 5 branches of the dungeon, and saw 26 of its levels.
You also visited: Ice Cave and Volcano.

You collected 3180 gold pieces.
You spent 633 gold pieces at shops.


Innate Abilities, Weirdness & Mutations

You are immune to sickness and miasma.
Your stone body is resilient. (AC +12)
You are immune to poison.
Your large and strong wings let you fly.
You resist negative energy. (rN+)
You are resistant to electric shocks. (rElec)
You are resistant to unholy torment.
You are immune to petrification.


   Skills:
 - Level 13.5(18.5) Fighting
 * Level 17.5(22.5) Axes
 - Level 13.5(18.5) Armour
 - Level 13.6(18.6) Shields
 - Level 11.0 Invocations


You had 15 spell levels left.
You didn't know any spells.
Your spell library contained the following spells:

 Spells                   Type           Power      Damage    Failure   Level
 Magic Dart               Conj           0%         1d3       83%         1
 Shock                    Conj/Air       0%         1d3       83%         1
 Sting                    Tmut/Pois      0%         1d3       83%         1
 Blink                    Tloc           0%         N/A       93%         2
 Ensorcelled Hibernation  Hex/Ice        0%         N/A       93%         2
 Poisonous Vapours        Pois/Air       0%         N/A       93%         2
 Searing Ray              Conj           0%         2d4       93%         2
 Wereblood                Tmut           0%         N/A       93%         2
 Ozocubu's Armour         Ice            0%         N/A       99%         3
 Spider Form              Tmut/Pois      0%         N/A       99%         3
 Swiftness                Air            0%         N/A       99%         3
 Airstrike                Air            0%         N/A       100%        4
 Anguish                  Hex/Necr       0%         N/A       100%        4
 Fulminant Prism          Conj/Hex       0%         3d6       100%        4
 Olgreb's Toxic Radiance  Pois           0%         N/A       100%        4
 Blade Hands              Tmut           0%         N/A       100%        5
 Manifold Assault         Tloc           0%         N/A       100%        5
 Iron Shot                Conj/Erth      0%         9d1       100%        6
 Ozocubu's Refrigeration  Ice            0%         4d5       100%        7
 Storm Form               Tmut/Air       0%         N/A       100%        7
 Sublimation of Blood     Necr           Unusable   N/A       N/A         2
 Animate Armour           Summ/Erth      Unusable   N/A       N/A         4
 Summon Hydra             Summ           Unusable   N/A       N/A         7

Inventory:

Hand Weapons
 a - a +5 vorpal broad axe
 b - a +2 broad axe of flaming (weapon)
 A - a +1 broad axe of draining
Missiles
 o - 16 boomerangs (quivered)
 r - 2 throwing nets {=f}
Armour
 q - a +0 pair of boots (worn)
 G - a +0 helmet (worn)
 H - a +4 chain mail of fire resistance (worn)
 I - a +0 kite shield of poison resistance (worn)
 J - a +1 pair of gloves of strength (worn)
 M - a +0 cloak of willpower (worn)
Jewellery
 c - a ring of protection from cold
 C - a ring of protection from cold (left hand)
 Q - the ring of Rexat (right hand) {rN+ rCorr Str+2 Stlth+}
   (You acquired it on level 6 of the Lair of Beasts)

   [ring of resist corrosion]

   Str:       It affects your strength (+2).
   rN:        It protects you from negative energy.
   rCorr:     It protects you from acid and corrosion.
   Stlth:     It makes you more stealthy.
 S - an amulet of the acrobat
 V - an amulet of faith (around neck) {!P}
Wands
 i - a wand of flame (29)
 j - a wand of polymorph (1)
 m - a wand of paralysis (4)
 u - a wand of mindburst (6)
 v - a wand of acid (5)
 x - a wand of digging (8)
Scrolls
 d - 4 scrolls of vulnerability
 f - 2 scrolls of magic mapping
 l - 7 scrolls of teleportation {@r2}
 n - 3 scrolls of fog
 p - a scroll of fear
 y - a scroll of immolation
 B - 4 scrolls of torment
 E - 8 scrolls of identify {@r1}
 K - a scroll of summoning
 N - a scroll of amnesia
 R - 2 scrolls of enchant armour
Potions
 e - 3 potions of lignification
 g - 2 potions of invisibility
 h - a potion of resistance
 k - 4 potions of haste {@q3}
 s - 6 potions of brilliance
 z - 4 potions of might
 D - 3 potions of mutation
 F - 2 potions of flight
 L - 3 potions of attraction
 O - a potion of magic
 P - 2 potions of berserk rage {!q}
Miscellaneous
 t - a piece from Xom's chessboard (15/15)

Dungeon Overview and Level Annotations

Branches:
Dungeon (15/15)            Temple (1/1) D:4            Lair (6/6) D:11
 Shoals (0/4) Lair:2        Snake (2/4) Lair:4        Slime (0/5) Lair:5
    Orc (2/2) D:11            Elf (0/3) Orc:2        Vaults (0/5) D:13
 Depths (0/4) D:15          IceCv (visited)         Volcano (visited)

Altars:
Ashenzari
Cheibriados
Dithmenos
Elyvilon
Fedhas
Gozag
Hepliaklqana
Kikubaaqudgha
Makhleb
Nemelex Xobeh
Okawaru
Qazlal
Ru
Sif Muna
Trog
Uskayaw
Vehumet
Wu Jian
Xom
Yredelemnul
Zin
The Shining One
Jiyva
Lugonu

Shops:
D:11 [   Orc:1 *   Orc:2 [?[!

Portals:
Abyss: Lair:6

Annotations:
D:8 3 runed translucent doors, experimilk's ghost, novice DrVM
D:9 exclusion: two-headed ogre
Lair:5 1 runed translucent door

#.#.##..##...N..######
#.#......NN....)'..)..
#.##**#..#..N...######
#)# #..##....## #.#
#..####### #.# #..#
#.# #..# #.#####..#
#.)))@N..# #######.##
#.# #.# #.#********
#..,,,,,,,*
###******,* *,* *,*


You could see a naga sharpshooter.


Message History

You cut the naga sharpshooter into ribbons!!!
You burn the naga sharpshooter.
You kill the naga sharpshooter!
Okawaru accepts your kill.
The naga sharpshooter spits poison at you.
You block the splash of poison.
The naga sharpshooter shoots an arrow.
The arrow closely misses you.
Items here: ( )) [ †.
You barely miss the naga sharpshooter. You slice the naga sharpshooter!!
You burn the naga sharpshooter!
The naga sharpshooter is moderately wounded.
You slash the naga sharpshooter! You burn the naga sharpshooter.
The naga sharpshooter is heavily wounded.
The naga sharpshooter shoots an arrow.
You block the arrow.
You slice the naga sharpshooter!! You burn the naga sharpshooter!
You kill the naga sharpshooter!
Okawaru accepts your kill.
The naga sharpshooter gestures wildly while chanting.
The naga sharpshooter shoots a bolt.
The bolt hits you!!
* * * LOW HITPOINT WARNING * * *
Things that are here:
a +0 shortbow; a +0 halberd; 14 arrows You hit the naga sharpshooter.
You burn the naga sharpshooter.
The naga sharpshooter is lightly wounded.
You hit the naga sharpshooter. You burn the naga sharpshooter.
The naga sharpshooter is lightly wounded.
You hit the naga sharpshooter but do no damage.
The naga sharpshooter is lightly wounded.
The naga sharpshooter shoots a bolt.
The bolt hits you!!
You die...

Skill      XL: |  1  2  3  4  5  6  7  8  9 10 11 12 13 14 15 16 |
---------------+-------------------------------------------------+-----
Axes           | 2 3 4 5 6 8 9 10 12 13 14 15 17 | 17.5
Shields        | 4 5 6 7 8 9 10 11 12 13 | 13.6
Fighting       | 4 5 6 7 8 9 10 11 12 13 | 13.5
Armour         | 4 5 6 7 8 9 10 11 12 13 | 13.5
Invocations    | 2 4 6 8 9 10 11 | 11.0

Action                   |  1- 3 |  4- 6 |  7- 9 | 10-12 | 13-15 | 16-18 || total
-------------------------+-------+-------+-------+-------+-------+-------++-------
Melee: War axe           |    90 |   156 |   295 |   227 |       |       ||   768
       Broad axe         |       |       |       |   285 |  1244 |   388 ||  1917
Throw: Boomerang         |       |     7 |     2 |       |       |       ||     9
Invok: Finesse           |       |       |       |       |     6 |     5 ||    11
       Heroism           |       |       |       |       |     3 |     4 ||     7
Evoke: Piece from Xom's  |       |       |       |     5 |     3 |       ||     8
       Wand              |       |       |       |       |     3 |       ||     3
  Use: Scroll            |       |     8 |    12 |    11 |    18 |     4 ||    53
       Potion            |       |     3 |       |     3 |     7 |     8 ||    21
 Stab: Petrified         |       |       |       |       |     5 |       ||     5
Armor: Scale mail        |    52 |    90 |       |       |       |       ||   142
       Chain mail        |       |    55 |   160 |   158 |   938 |   262 ||  1573
       Plate armour      |       |       |   105 |   312 |       |       ||   417
Dodge: Dodged            |    45 |    92 |   115 |   208 |   515 |   111 ||  1086
Block: Buckler           |    18 |    44 |    79 |   151 |   419 |    56 ||   767
       Kite shield       |       |       |       |       |       |   107 ||   107

Levels and vault maps discovered:
D:1:      shiori_arrival_maze, layout_basic, minmay_gold_behind_fungi
D:2:      layout_loops_cross, minmay_fountain_box, uniq_jessica
D:3:      minmay_roachtagon, layout_rooms, mainiacjoe_overflow_divided_tiny
D:4:      layout_layer_cave, minmay_temple_entry_trees, uniq_robin, uniq_sigmund
D:5:      layout_rooms, tgw_kikubaaqudgha
D:6:      layout_rooms, lightli_corner_chamber
D:7:      layout_loops_ring, uniq_crazy_yiuf_cottage
D:8:      layout_basic, gammafunk_ghost_icy, grunt_ministairs_1
D:9:      layout_basic
D:10:     lemuel_bear_cage, layout_irregular_city, zin_treasury,
          mainiacjoe_overflow_alcove_1, uniq_harold
D:11:     layout_big_octagon, david_lair_shrubbed, orc_0_dummy, serial_shops,
          shop
D:12:     layout_cave_pods, nicolae_ru_path_of_blood
D:13:     layout_irregular_city, grunt_vaults_entry_fortified
D:14:     layout_roguey, portal_ice_cave_entry_ugly_swarm,
          minmay_misc_feat_five, gauntlet_entry_generic
D:15:     grunt_enter_depths_magical_seal, layout_cave_pods,
          gammafunk_ghost_hydra_chop, grunt_decor_junction
Temple:   minmay_crystal_spiral_temple
Lair:1:   layout_layer_cave, basic_altar
Lair:2:   layout_misc_corridors, minmay_shoals_entry_beasts, enter_volcano_3,
          lemuel_fruit_tree, serial_bayou_shore_b, grunt_megastairs_1
Lair:3:   layout_regular_city, serial_bayou_shore_b
Lair:4:   layout_gridlike, minmay_snake_entry_six_corridors,
          serial_bayou_shore_b
Lair:5:   layout_loops_ring, slime_altar_2, chequers_serial_rivers_room_a,
          grunt_megastairs_3, uniq_kirke
Lair:6:   hellmonk_lair_end_abyssal_woods, layout_cave_shapes,
          infiniplex_staircase_pool_2, grunt_megastairs_5, serial_bayou_shore_b
Snake:1:  layout_onion, serial_bayou_shore_b, grunt_megastairs_2
Snake:2:  layout_basic, uniq_agnes, uniq_aizul, uniq_vashnia
Orc:1:    layout_caves, gammafunk_ghost_grave, guppyfry_orc_lava_fort
Orc:2:    st_orc_rangers, layout_caves, uniq_jorgrun

Notes
Turn   | Place    | Note
-------+----------+-------------------------------------------
     0 | D:1      | xzight the Gargoyle Fighter began the quest for the Orb.
     0 | D:1      | Reached XP level 1. HP: 14/14 MP: 1/1
   323 | D:1      | Reached skill level 2 in Axes
   334 | D:1      | Reached XP level 2. HP: 19/19 MP: 2/2
   729 | D:1      | Reached XP level 3. HP: 18/23 MP: 3/3
  1374 | D:2      | Noticed Jessica
  1380 | D:2      | Killed Jessica
  1491 | D:2      | Reached XP level 4. HP: 29/29 MP: 4/4
  2317 | D:3      | Reached skill level 3 in Axes
  2502 | D:3      | Reached skill level 4 in Shields
  2728 | D:3      | Found a radiant altar of Vehumet.
  2728 | D:3      | Found a snail-covered altar of Cheibriados.
  2776 | D:4      | Noticed Robin
  2779 | D:4      | Reached skill level 4 in Fighting
  2783 | D:3      | Reached XP level 5. HP: 30/33 MP: 5/5
  2784 | D:3      | Reached skill level 4 in Armour
  2885 | D:4      | Killed Robin
  3285 | D:4      | Found a staircase to the Ecumenical Temple.
  3304 | Temple   | Entered the Ecumenical Temple
  3560 | D:4      | Noticed Sigmund
  3609 | D:4      | Killed Sigmund
  3610 | D:4      | Reached skill level 4 in Axes
  3610 | D:4      | Reached XP level 6. HP: 8/39 MP: 6/6
  4138 | D:5      | Entered Level 5 of the Dungeon
  4170 | D:5      | Reached XP level 7. HP: 6/44 MP: 7/7
  4535 | D:5      | Reached skill level 5 in Fighting
  4535 | D:5      | Reached skill level 5 in Armour
  4535 | D:5      | Reached skill level 5 in Shields
  4573 | D:5      | Reached skill level 5 in Axes
  4885 | D:5      | Found an ancient bone altar of Kikubaaqudgha.
  4886 | D:5      | Noticed a human
  4890 | D:5      | Killed a human
  5048 | D:6      | Reached XP level 8. HP: 37/49 MP: 8/8
  5349 | D:6      | Reached skill level 6 in Axes
  5651 | D:6      | Reached skill level 6 in Fighting
  5651 | D:6      | Reached skill level 6 in Armour
  5651 | D:6      | Reached skill level 6 in Shields
  5658 | D:6      | Noticed an eight-headed hydra
  5755 | D:7      | Found a runed translucent door.
  5756 | D:7      | Noticed Crazy Yiuf
  5914 | D:7      | Reached XP level 9. HP: 53/55 MP: 9/9
  6113 | D:7      | Reached skill level 7 in Axes
  6558 | D:7      | Killed Crazy Yiuf
  6760 | D:8      | Noticed a hornet
  6776 | D:8      | Killed a hornet
  6818 | D:8      | Reached skill level 7 in Armour
  6818 | D:8      | Reached skill level 7 in Shields
  6839 | D:8      | Reached skill level 7 in Fighting
  6921 | D:8      | Noticed experimilk's ghost (novice DrVM)
  6953 | D:8      | Found a runed translucent gate.
  6953 | D:8      | Found a runed translucent gate.
  6953 | D:8      | Found a runed translucent gate.
  7413 | D:9      | Noticed a two-headed ogre
  7436 | D:9      | Identified a potion of resistance
  7734 | D:9      | Reached skill level 8 in Axes
  7859 | D:9      | Noticed a two-headed ogre
  8143 | D:10     | Entered Level 10 of the Dungeon
  8220 | D:10     | Found a huge runed translucent gate.
  8267 | D:10     | Reached XP level 10. HP: 54/63 MP: 10/10
  8278 | D:10     | Found a huge runed translucent gate.
  8278 | D:10     | Noticed a manticore
  8279 | D:10     | Found a huge runed translucent gate.
  8279 | D:10     | Found a huge runed translucent gate.
  8416 | D:10     | Noticed Harold
  8434 | D:10     | Killed Harold
  8435 | D:10     | Reached skill level 8 in Fighting
  8435 | D:10     | Reached skill level 8 in Armour
  8435 | D:10     | Reached skill level 8 in Shields
  8437 | D:10     | Reached skill level 9 in Axes
  8619 | D:10     | Found an iron altar of Okawaru.
  8628 | D:10     | Became a worshipper of Warmaster Okawaru
  8700 | D:10     | Noticed a two-headed ogre
  8728 | D:10     | Found a glowing silver altar of Zin.
  8738 | D:10     | Killed a two-headed ogre
  8738 | D:10     | Reached * piety under Okawaru
  8739 | D:10     | Reached skill level 1 in Invocations
  9054 | D:10     | Reached skill level 2 in Invocations
  9062 | D:10     | Killed a manticore
  9062 | D:10     | Reached ** piety under Okawaru
  9063 | D:10     | Reached XP level 11. HP: 69/69 MP: 12/12
  9105 | D:10     | Reached skill level 3 in Invocations
  9183 | D:10     | Reached skill level 10 in Axes
  9425 | D:11     | Reached skill level 9 in Armour
  9512 | D:11     | Found a staircase to the Orcish Mines.
  9526 | D:11     | Reached skill level 9 in Fighting
  9526 | D:11     | Reached skill level 9 in Shields
  9598 | D:11     | Found Poqyg's Armour Shoppe.
  9780 | D:11     | Found a staircase to the Lair.
  9850 | D:11     | Noticed a sixfirhy
  9851 | D:11     | Noticed a seven-headed hydra
  9857 | D:11     | Reached *** piety under Okawaru
  9857 | D:11     | Noticed a boulder beetle
 10081 | D:11     | Killed a boulder beetle
 10237 | Lair:1   | Entered Level 1 of the Lair of Beasts
 10309 | Lair:1   | Reached skill level 4 in Invocations
 10411 | Lair:1   | Found a shimmering altar of Xom.
 10437 | Lair:1   | Identified a scroll of acquirement
 10438 | Lair:1   | Acquired a +1 vorpal broad axe
 11353 | Lair:2   | Reached **** piety under Okawaru
 11385 | Lair:2   | Found a dark tunnel.
 11433 | Volcano  | Entered a volcano
 11434 | Volcano  | Noticed a red ugly thing
 11456 | Volcano  | Killed a red ugly thing
 11465 | Volcano  | Noticed a red ugly thing
 11478 | Volcano  | Killed a red ugly thing
 11497 | Volcano  | Reached XP level 12. HP: 62/77 MP: 15/15
 11608 | Lair:2   | Reached skill level 11 in Axes
 11654 | Lair:2   | Reached skill level 5 in Invocations
 11678 | Lair:2   | Reached ***** piety under Okawaru
 11722 | Lair:2   | Identified the +1 hand axe "Nomaoso" {freeze, rElec rPois
                  | rF+ Str-3}
 11852 | Lair:2   | Reached skill level 10 in Armour
 11852 | Lair:2   | Reached skill level 10 in Shields
 11859 | Lair:2   | Received a gift from Okawaru
 11862 | Lair:2   | Reached skill level 10 in Fighting
 11974 | Lair:2   | Found a staircase to the Shoals.
 12621 | Lair:3   | Identified the +1 chain mail of Fallacy {Will+}
 13067 | Lair:4   | Reached skill level 6 in Invocations
 13276 | Lair:4   | Found a staircase to the Snake Pit.
 13403 | Lair:4   | Reached skill level 12 in Axes
 13774 | Lair:4   | Reached XP level 13. HP: 83/83 MP: 16/18
 14049 | Lair:5   | Reached skill level 7 in Invocations
 14055 | Lair:5   | Received a gift from Okawaru
 14145 | Lair:5   | Identified the +3 chain mail "Xuavoxto" {Fly rN+ rCorr
                  | Slay+3}
 14217 | Lair:5   | Reached skill level 11 in Armour
 14217 | Lair:5   | Reached skill level 11 in Shields
 14233 | Lair:5   | Noticed Kirke
 14241 | Lair:5   | Reached skill level 11 in Fighting
 14258 | Lair:5   | Killed Kirke
 14462 | Lair:5   | Found a runed translucent door.
 14462 | Lair:5   | Found a viscous altar of Jiyva.
 14468 | Lair:5   | Found a staircase to the Slime Pits.
 14468 | Lair:5   | Noticed an acid blob
 14468 | Lair:5   | Noticed an acid blob
 14468 | Lair:5   | Noticed an acid blob
 14777 | Lair:6   | Entered Level 6 of the Lair of Beasts
 15016 | Lair:6   | Reached ****** piety under Okawaru
 15075 | Lair:6   | Identified the +1 cloak "Wieniu" {rPois} (Okawaru gifted it
                  | to you on level 6 of the Lair of Beasts)
 15075 | Lair:6   | Received a gift from Okawaru
 15076 | Lair:6   | Reached skill level 13 in Axes
 15251 | Lair:6   | Reached skill level 8 in Invocations
 15722 | Lair:6   | Gained mutation: Your large and strong wings let you fly.
                  | [Gargoyle growth]
 15722 | Lair:6   | Reached XP level 14. HP: 90/90 MP: 20/20
 15907 | Lair:6   | Found a corrupted altar of Lugonu.
 15907 | Lair:6   | Found a one-way gate to the infinite horrors of the Abyss.
 15987 | Lair:6   | Acquired 760 gold pieces
 15991 | Lair:6   | Acquired the ring of Rexat {rN+ rCorr Str+2 Stlth+}
 16267 | D:12     | Found a sacrificial altar of Ru.
 16426 | D:12     | Received a gift from Okawaru
 16427 | D:12     | Reached skill level 12 in Shields
 16447 | D:12     | Reached skill level 12 in Armour
 16492 | D:12     | Reached skill level 12 in Fighting
 17046 | D:13     | Reached skill level 9 in Invocations
 17321 | D:13     | Reached skill level 14 in Axes
 18175 | D:13     | Found a gate to the Vaults.
 18279 | Orc:1    | Entered Level 1 of the Orcish Mines
 18711 | Orc:2    | Entered Level 2 of the Orcish Mines
 18711 | Orc:2    | Noticed Jorgrun
 18711 | Orc:2    | Found a staircase to the Elven Halls.
 18747 | Orc:1    | Killed Jorgrun
 19066 | Orc:2    | Reached XP level 15. HP: 97/97 MP: 22/22
 19375 | Orc:1    | HP: 5/97 [orc knight/+0 war axe (17)]
 19790 | Orc:2    | Received a gift from Okawaru
 19859 | Orc:2    | Found Wirch's Armour Shoppe.
 19859 | Orc:2    | Found Uluar's Magic Scroll Shop.
 19859 | Orc:2    | Found Myagep's Armour Boutique.
 19938 | Orc:2    | Reached skill level 10 in Invocations
 19996 | Orc:2    | Found Vidwuh's Distillery.
 20008 | Orc:2    | Bought a potion of heal wounds for 85 gold pieces
 20008 | Orc:2    | Bought a potion of heal wounds for 85 gold pieces
 20396 | Orc:1    | Found a runed translucent door.
 20398 | Orc:1    | Noticed Selrock's ghost (journeyman MiFi)
 20455 | Orc:1    | Found Maveq's Assorted Antiques.
 20477 | Orc:1    | Reached skill level 13 in Shields
 20497 | Orc:1    | Bought a dented sapphire amulet for 150 gold pieces
 20657 | Orc:1    | Killed Selrock's ghost
 20754 | Orc:2    | Bought a scroll of enchant weapon for 127 gold pieces
 20761 | Orc:2    | Bought a scroll of enchant armour for 127 gold pieces
 20761 | Orc:2    | Bought a scroll of magic mapping for 59 gold pieces
 20998 | D:14     | Found a frozen archway.
 21007 | D:14     | HP: 4/97 [white ugly thing (15)]
 21382 | D:14     | Reached skill level 13 in Fighting
 21382 | D:14     | Reached skill level 15 in Axes
 21382 | D:14     | Reached skill level 13 in Armour
 21438 | IceCv    | Entered an ice cave
 22576 | D:14     | HP: 5/98 [mirror damage (11)]
 23323 | D:14     | Received a gift from Okawaru
 23642 | D:15     | Entered Level 15 of the Dungeon
 24377 | D:15     | Found a runed translucent gate.
 24377 | D:15     | Found a runed translucent gate.
 24377 | D:15     | Found a runed translucent gate.
 24385 | D:15     | Noticed Gosau's ghost (journeyman DsGl)
 24930 | D:15     | Found a staircase to the Depths.
 25035 | D:15     | Found a staircase to the Depths.
 25244 | D:15     | Identified the +2 executioner's axe "Cipn" {vamp, rPois rC+
                  | Will+ Str+2} (Okawaru gifted it to you on level 15 of the
                  | Dungeon)
 25244 | D:15     | Received a gift from Okawaru
 25413 | D:15     | Reached XP level 16. HP: 104/104 MP: 24/24
 25633 | D:15     | Killed Gosau's ghost
 26203 | Snake:1  | Entered Level 1 of the Snake Pit
 26292 | Snake:1  | Reached skill level 11 in Invocations
 26884 | Snake:1  | HP: 14/156 [black mamba (10)]
 26886 | Snake:1  | HP: 6/156 [constriction (1)]
 26888 | Snake:1  | Reached skill level 16 in Axes
 27543 | Snake:1  | Received a gift from Okawaru
 28316 | Snake:1  | You are sucked into a shaft and drop 1 floor!
 28316 | Snake:2  | Noticed Agnes
 28380 | Snake:1  | Killed Agnes
 29582 | Snake:2  | Reached skill level 17 in Axes
 29743 | Snake:2  | Noticed Vashnia
 29769 | Snake:2  | HP: 9/104 [Vashnia/bolt (20)]
 29769 | Snake:2  | HP: 4/104 [Vashnia/bolt (5)]
 30116 | Snake:2  | Noticed Aizul
 30128 | Snake:2  | Killed Aizul
 30457 | Snake:2  | Killed Vashnia
 30479 | Snake:2  | Shot with a bolt by a naga sharpshooter

Vanquished Creatures
  Vashnia (Snake:2)
  Jorgrun (Orc:1)
  Agnes (Snake:1)
  The ghost of Gosau the Carver, a journeyman DsGl of Makhleb (D:15)
  Aizul (Snake:2)
  A very ugly thing (D:14)
  A quicksilver ooze (IceCv)
  The ghost of Selrock the Fighter, a journeyman MiFi of Okawaru (Orc:1)
  An ettin (Orc:1)
  4 boulder beetles
  Harold (D:10)
  4 vault guards (D:13)
  6 hydras
  5 naga warriors
  An ogre mage (D:15)
  4 centaur warriors
  3 death knights
  3 anacondas (Snake:1)
  7 two-headed ogres
  3 orc high priests (Orc:1)
  6 naga sharpshooters (Snake:2)
  3 shock serpents
  2 thrashing horrors (Lair:6)
  A deep troll (Orc:2)
  A naga ritualist (Snake:1)
  5 skeletal warriors
  A phantasmal warrior (D:14)
  A deep elf archer (D:13)
  A necromancer (D:15)
  2 deep elf pyromancers (D:14)
  2 mana vipers (Snake:1)
  7 orc knights
  3 cyclopes
  13 ugly things
  6 orc sorcerers
  5 salamanders
  A black mamba (shapeshifter) (D:15)
  20 black mambas
  4 elephants (Lair:5)
  2 manticores
  2 guardian serpents (Snake:1)
  7 naga magi
  A centaur skeleton (D:15)
  3 smoke demons
  3 gargoyles
  8 cane toads
  A kobold demonologist (D:11)
  A rime drake (Lair:6)
  An efreet (D:14)
  6 komodo dragons
  A redback zombie (D:15)
  3 ancient zymes (Lair:6)
  4 trolls
  3 polar bears (D:10)
  A wind drake (Lair:2)
  2 raiju (shapeshifter)
  A hornet (D:8)
  A blink frog (shapeshifter) (Lair:6)
  21 blink frogs
  A slime creature (IceCv)
  5 dream sheep (Lair:5)
  A meliai zombie (D:11)
  A centaur simulacrum (D:15)
  A ynoxinul (Lair:6)
  42 yaks
  A spriggan (Lair:6)
  Sigmund (D:4)
  A vampire (D:11)
  4 wyverns
  A wraith (D:14)
  2 shadows
  7 basilisks
  7 hogs
  2 humans
  A chaos spawn (Lair:6)
  A steam dragon (D:8)
  14 vampire mosquitoes
  6 wargs
  A demonic crawler simulacrum (IceCv)
  16 nagas
  2 acid dragons
  22 water moccasins
  5 hell hounds
  44 orc warriors
  A sky beast (D:6)
  8 black bears
  2 ugly thing simulacra (IceCv)
  An ice beast (D:8)
  A necrophage (D:5)
  7 ogres
  9 wolves
  18 centaurs
  11 bullfrogs
  A gnoll sergeant (D:11)
  3 scorpions (D:6)
  5 killer bees (D:9)
  6 howler monkeys
  4 centaur zombies
  Crazy Yiuf (D:7)
  5 hounds
  2 jellies (D:6)
  A gnoll shaman (D:7)
  17 orc priests
  A bullfrog skeleton (D:7)
  2 iguanas (D:4)
  Jessica (D:2)
  23 orc wizards
  9 small abominations (Lair:6)
  Robin (D:4)
  2 howler monkey zombies (D:9)
  7 gnolls
  5 adders
  2 ufetubi
  An adder skeleton (D:4)
  2 worms
  A dart slug (D:3)
  96 orcs
  2 endoplasms (D:1)
  12 giant cockroaches (D:3)
  20 goblins
  5 hobgoblins
  4 kobolds
  4 quokkas
  6 ball pythons
  10 bats
  3 frilled lizards
  5 rats
722 creatures vanquished.

Vanquished Creatures (others)
  Kirke (Lair:5)
  A human (D:5)
  29 fungi
  45 plants
  2 toadstools (D:1)
78 creatures vanquished.

Grand Total: 800 creatures vanquished

Table legend: (Time is in decaauts)
 A = Elapsed time spent in this place.
 B = Non-inter-level travel time spent in this place.
 C = Inter-level travel time spent in this place.
 D = Time resting spent in this place.
 E = Time spent auto-exploring this place.
 F = Levels seen in this place.
 G = Mean time per level.
                   A        B        C        D        E       F      G
               +--------+--------+--------+--------+--------+-----+--------+
         Total |  30515 |  29188 |   1327 |   8547 |  14483 |  28 | 1089.8 |
       Dungeon |  17302 |  16515 |    787 |   4534 |   8660 |  15 | 1153.5 |
        Temple |    219 |    135 |     84 |      0 |    112 |   1 |  219.0 |
          Lair |   6932 |   6611 |    321 |   1416 |   3977 |   6 | 1155.3 |
     Snake Pit |   3192 |   3175 |     17 |   1650 |    884 |   2 | 1596.0 |
  Orcish Mines |   2269 |   2152 |    117 |    544 |    815 |   2 | 1134.5 |
      Ice Cave |    488 |    488 |      0 |    399 |     22 |   1 |  488.0 |
       Volcano |    110 |    110 |      0 |      4 |     13 |   1 |  110.0 |
               +--------+--------+--------+--------+--------+-----+--------+

Top non-repeatable levels by time:
 Snake:1: 2521 daAuts
    D:14: 2303 daAuts
    D:15: 2011 daAuts
  Lair:4: 1930 daAuts
    D:13: 1593 daAuts
    D:10: 1360 daAuts
     D:1: 1336 daAuts
  Lair:6: 1276 daAuts
   Orc:1: 1238 daAuts
     D:4: 1066 daAuts
    D:11: 1066 daAuts
  Lair:1: 1064 daAuts
   Orc:2: 1031 daAuts
     D:7: 971 daAuts
     D:9: 951 daAuts

Table legend:
 A = Non-vault XP
 B = Vault XP
 C = Vault XP percentage of total XP
 D = Non-vault monster count
 E = Vault monster count
 F = Vault count percentage of total count
                 A         B        C        D         E       F
            +---------+---------+-------+---------+---------+-------
      Total |   99826 |   66746 |  40.1 |     494 |     228 |  31.6
            +---------+---------+-------+---------+---------+-------
        D:1 |      38 |       4 |   9.5 |      24 |       2 |   7.7
        D:2 |      30 |      37 |  55.2 |       9 |       1 |  10.0
        D:3 |      42 |      36 |  46.2 |      15 |      18 |  54.5
        D:4 |     120 |     237 |  66.4 |      12 |       6 |  33.3
        D:5 |     524 |       0 |   0.0 |      11 |       0 |   0.0
        D:6 |     887 |       0 |   0.0 |      18 |       0 |   0.0
        D:7 |     810 |      44 |   5.2 |      31 |       1 |   3.1
        D:8 |     638 |     316 |  33.1 |       6 |       2 |  25.0
        D:9 |     798 |       0 |   0.0 |      13 |       0 |   0.0
       D:10 |    2730 |    3974 |  59.3 |      14 |      18 |  56.2
       D:11 |    3524 |     361 |   9.3 |      15 |       1 |   6.2
       D:12 |    5773 |       0 |   0.0 |      12 |       0 |   0.0
       D:13 |    6216 |    6493 |  51.1 |      18 |      10 |  35.7
       D:14 |    8537 |    5058 |  37.2 |      14 |       8 |  36.4
       D:15 |    7034 |    7084 |  50.2 |      15 |      12 |  44.4
     Lair:1 |    1207 |       0 |   0.0 |       5 |       0 |   0.0
     Lair:2 |    4585 |    1573 |  25.5 |      21 |       7 |  25.0
     Lair:3 |    2927 |       0 |   0.0 |      13 |       0 |   0.0
     Lair:4 |    4715 |    1828 |  27.9 |      18 |       8 |  30.8
     Lair:5 |    6754 |    1968 |  22.6 |      26 |       9 |  25.7
     Lair:6 |    7586 |   13010 |  63.2 |      24 |      44 |  64.7
    Snake:1 |   20053 |    1727 |   7.9 |      40 |       3 |   7.0
    Snake:2 |    6265 |    7283 |  53.8 |      15 |       6 |  28.6
      Orc:1 |    5735 |    5937 |  50.9 |      52 |      18 |  25.7
      Orc:2 |    2298 |    6058 |  72.5 |      53 |      43 |  44.8
      IceCv |       0 |    1755 | 100.0 |       0 |       5 | 100.0
    Volcano |       0 |    1963 | 100.0 |       0 |       6 | 100.0
            +---------+---------+-------+---------+---------+-------
